 Dungeon Crawl Stone Soup version 0.25-a0-41-g6cf4ce537d (webtiles) character file.

Game seed: 5261368219352542218, levelgen mode: deterministic

114 night the Digger (level 4, 0/27 HPs)
             Began as a Gargoyle Earth Elementalist on Oct 21, 2019.
             Was an Initiate of Vehumet.
             Killed by divine providence
             ... invoked by an orc priest
              (16 damage)
             ... on level 4 of the Dungeon.
             The game lasted 00:07:17 (3576 turns).

night the Digger (Gargoyle Earth Elementalist)      Turns: 3576, Time: 00:07:18

Health: 0/27       AC:  6    Str: 12    XL:     4   Next: 98%
Magic:  17/17      EV: 12    Int: 16    God:    Vehumet [......]
Gold:   159        SH:  3    Dex: 10    Spells: 4/8 levels left

rFire    . . .     SeeInvis .   i - +0 dagger
rCold    . . .     Gourm    .   (no shield)
rNeg     + . .     Faith    .   c - +0 robe
rPois    ∞         Spirit   .   (no helmet)
rElec    +         Reflect  +   (no cloak)
rCorr    .         Harm     .   n - +0 pair of gloves
MR       .....                  (no boots)
Stlth    ++........             o - +3 amulet of reflection
HPRegen  0.09/turn              m - ring of magical power
MPRegen  0.15/turn              (no ring)

@: very slightly contaminated
A: negative energy resistance 1, electricity resistance, unbreathing,
petrification resistance, rot immunity, AC +3
a: Renounce Religion


You were on level 4 of the Dungeon.
You worshipped Vehumet.
Vehumet was noncommittal.
You were hungry.

You visited 1 branch of the dungeon, and saw 4 of its levels.

You collected 159 gold pieces.

Inventory:

Hand Weapons
 i - a +0 dagger (weapon)
Missiles
 b - 105 stones (quivered)
 e - 24 poisoned darts
 j - 8 javelins
 l - 24 sling bullets
Armour
 c - a +0 robe (worn)
 n - a +0 pair of gloves (worn)
Jewellery
 m - a ring of magical power (left hand)
 o - a +3 amulet of reflection (around neck)
Scrolls
 a - 2 scrolls of amnesia
 f - a scroll of identify
 k - a scroll of remove curse
Potions
 g - 2 potions of flight
 h - 2 potions of lignification
 p - a potion of agility {unknown}
 r - a potion of brilliance {unknown}
 s - a potion of cancellation {unknown}
Comestibles
 d - 7 rations


   Skills:
 + Level 2.3 Fighting
 - Level 1.5 Dodging
 - Level 2.1 Stealth
 + Level 2.9 Spellcasting
 + Level 1.5 Conjurations
   Level 0.7 Transmutations
 + Level 4.6 Earth Magic


You had 4 spell levels left.
You knew the following spells:

 Your Spells              Type           Power        Failure   Level  Hunger
a - Sandblast             Erth           ###...       2%          1    #......
b - Stone Arrow           Conj/Erth      ##....       16%         3    ###....

Your spell library contained the following spells:

 Spells                   Type           Power        Failure   Level  Hunger
 Passwall                 Tmut/Erth      ##......     10%         2    ##.....
 Petrify                  Tmut/Erth      ##......     52%         4    #####..
 Lee's Rapid Deconstruct  Erth           ###.......   61%         5    ######.


Dungeon Overview and Level Annotations

Branches:
Dungeon (4/15)
 Temple: D:4-7

Altars:
Dithmenos
Vehumet


Innate Abilities, Weirdness & Mutations

You are resistant to torment.
Your stone body is resilient. (AC +3)
You are immune to poison.
You resist negative energy. (rN+)
You are resistant to electric shocks. (rElec)
You can survive without breathing.
You are immune to petrification.
You are immune to rotting.


Message History

As you read the scroll labeled GOYZOA DAKAOT, it crumbles to dust.
It was a scroll of blinking.
As you read the scroll of identify, it crumbles to dust.
o - a +3 amulet of reflection
o - a +3 amulet of reflection (around neck)
As you read the scroll of identify, it crumbles to dust.
h - 2 potions of lignification A dart slug comes into view.
A dart slug comes into view.
A rat and an orc priest come into view.
The orc priest calls down the wrath of Beogh upon you.
Beogh smites you! 2 rats and an orc priest come into view.
An adder comes into view.
An orc comes into view. It is wielding a +0 falchion.
The orc priest shouts!
The orc priest invokes the aid of Beogh against you.
Beogh smites you!
Ouch! That really hurt!
You die... ... .... # #So

#.. # #.#o.## #.. .
...ow.#####.#.#
#.......##.#.#
#.#..#w##.##.#.#
...............#####
.........@......!...
≈.......####.#######
r.)r......<..#
r≈(.....####.#
≈......## #.#
≈.....# #.# .....#
#.# ≈..#. #.# ...


You could see 2 orc priests, a dart slug and a rat.

Vanquished Creatures
  5 adders
  2 oozes (D:3)
  2 worms (D:3)
  2 dart slugs
  A leopard gecko (D:3)
  An orc (D:3)
  4 bats
  2 giant cockroaches (D:1)
  3 goblins
  5 hobgoblins
  5 jackals
  4 kobolds
  3 quokkas
  2 frilled lizards (D:2)
  10 rats
51 creatures vanquished.

Notes
Turn   | Place    | Note
-------+----------+-------------------------------------------
     0 | D:1      | night the Gargoyle Earth Elementalist began the quest for
                  | the Orb.
     0 | D:1      | Reached XP level 1. HP: 10/10 MP: 3/3
   663 | D:1      | Reached XP level 2. HP: 16/16 MP: 5/5
   911 | D:2      | Reached skill level 1 in Fighting
  1332 | D:2      | Reached skill level 4 in Earth Magic
  1555 | D:2      | Reached XP level 3. HP: 12/20 MP: 6/6
  1804 | D:2      | Learned a level 3 spell: Stone Arrow
  2518 | D:3      | Reached XP level 4. HP: 26/26 MP: 8/8
  2549 | D:3      | Reached skill level 1 in Conjurations
  3070 | D:3      | Found a shadowy altar of Dithmenos.
  3447 | D:3      | Found a radiant altar of Vehumet.
  3451 | D:3      | Became a worshipper of Vehumet
  3576 | D:4      | Killed from afar by an orc priest

Levels and vault maps discovered:
D:1:      mushboom_english_gardens, layout_basic
D:2:      layout_basic, first_ration
D:3:      kennysheep_big_flooded_room, layout_rooms, marbit_many_paths,
          nicolae_dithmenos_through_a_glass_darkly
D:4:      layout_loops_ring, minmay_temple_entry_proselytizer,
          lightli_sewer_entry_pipes

Skill      XL: |  1  2  3  4 |
---------------+-------------+-----
Fighting       | 1 2 |  2.3
Earth Magic    | 4 |  4.6
Conjurations   | 1 |  1.5
Dodging        | |  1.5
Stealth        | |  2.1
Spellcasting   | |  2.9
Transmutations | |  0.7

Action                   |  1- 3 |  4- 6 || total
-------------------------+-------+-------++-------
Melee: Dagger            |    98 |    87 ||   185
 Cast: Sandblast         |    24 |     6 ||    30
       Stone Arrow       |     5 |    18 ||    23
  Use: Scroll            |       |     6 ||     6
 Stab: Sleeping          |     2 |       ||     2
  Eat: Chunk             |     6 |     5 ||    11
Armor: Robe              |    43 |    41 ||    84
Dodge: Dodged            |    62 |    66 ||   128

Table legend:
 A = Non-vault XP
 B = Vault XP
 C = Vault XP percentage of total XP
 D = Non-vault monster count
 E = Vault monster count
 F = Vault count percentage of total count
                 A         B        C        D         E       F
            +---------+---------+-------+---------+---------+-------
      Total |     159 |       5 |   3.0 |      48 |       3 |   5.9
            +---------+---------+-------+---------+---------+-------
        D:1 |      11 |       0 |   0.0 |       6 |       0 |   0.0
        D:2 |      60 |       0 |   0.0 |      21 |       0 |   0.0
        D:3 |      88 |       5 |   5.4 |      21 |       3 |  12.5
            +---------+---------+-------+---------+---------+-------
